 Dungeon Crawl Stone Soup version 0.30-a0-715-gdb4ae3ece1 (webtiles) character file.

Game seed: 8523832183242586059

28248 pokeman the Eclecticist (level 13, 0/68 HPs)
             Began as a Deep Elf Hedge Wizard on Jan 24, 2023.
             Was a High Priest of Vehumet.
             Slain by an elephant (5 damage)
             ... on level 5 of the Lair of Beasts.
             The game lasted 00:48:46 (17511 turns).

pokeman the Eclecticist (Deep Elf Hedge Wizard)    Turns: 17511, Time: 00:48:47

Health: 0/68       AC: 12    Str:  7    XL:     13   Next: 8%
Magic:  17/35      EV: 15    Int: 25    God:    Vehumet [*****.]
Gold:   1290       SH:  0    Dex: 14    Spells: 19/44 levels left

rFire   . . .      SeeInvis +    K - +1 demon whip (venom)
rCold   . . .      Faith    .    (no shield)
rNeg    . . .      Spirit   .    V - +1 ring mail {rPois}
rPois   +          Reflect  .    l - +1 helmet
rElec   .          Harm     .    G - +0 cloak
rCorr   .          Rampage  .    J - +0 pair of gloves
Will    +....                    F - +0 pair of boots
Stlth   ++                       o - amulet of the acrobat
HPRegen 0.00/turn                k - +5 ring of evasion
MPRegen 0.24/turn                a - ring of see invisible

@: sick
A: no striking features
a: Renounce Religion


You were on level 5 of the Lair of Beasts.
You worshipped Vehumet.
Vehumet was extremely pleased with you.
You visited 3 branches of the dungeon, and saw 18 of its levels.

You collected 1430 gold pieces.
You spent 140 gold pieces at shops.

Inventory:

Hand Weapons
 K - a +1 demon whip of venom (weapon)
Armour
 l - a +1 helmet (worn)
 p - a +0 buckler
 E - a +0 scale mail of cold resistance
 F - a +0 pair of boots (worn)
 G - a +0 cloak (worn)
 H - the +3 ring mail of Oreal {Drain rC++ rN+}
   (You found it on level 2 of the Lair of Beasts)

   rC:        It greatly protects you from cold.
   rN:        It protects you from negative energy.
   Drain:     It drains your maximum health when unequipped.
 J - a +0 pair of gloves (worn)
 V - a +1 ring mail of poison resistance (worn)
Magical Staves
 b - a staff of earth
Jewellery
 a - a ring of see invisible (right hand)
 k - a +5 ring of evasion (left hand)
 o - an amulet of the acrobat (around neck)
 x - a ring of protection from cold
 y - a ring of protection from cold
 S - a ring of flight
Wands
 n - a wand of roots (15)
 q - a wand of paralysis (29)
 u - a wand of digging (3)
 w - a wand of light (6)
 Q - a wand of polymorph (1)
Scrolls
 c - 2 scrolls of noise {unknown}
 e - 6 scrolls of identify
 g - 6 scrolls of amnesia
 j - a scroll of enchant weapon {unknown}
 m - 2 scrolls of teleportation
 s - 3 scrolls of blinking {unknown}
 t - 6 scrolls of fear
 v - 3 scrolls of vulnerability {unknown}
 z - 2 scrolls of enchant armour {unknown}
 B - 3 scrolls of immolation {unknown}
 I - a scroll of fog {unknown}
 O - 3 scrolls of poison {unknown}
 P - a scroll of brand weapon {unknown}
 R - 2 scrolls of acquirement {unknown}
 U - a scroll of torment {unknown}
Potions
 d - 5 potions of magic
 f - 4 potions of attraction {unknown}
 h - 10 potions of curing
 i - 2 potions of berserk rage {unknown}
 r - a potion of haste {unknown}
 A - 7 potions of heal wounds
 C - a potion of resistance {unknown}
 D - 2 potions of flight {unknown}
 L - 2 potions of degeneration {unknown}
 M - 2 potions of ambrosia {unknown}
 X - a potion of mutation {unknown}
 Y - 2 potions of might {unknown}
Miscellaneous
 N - a phantom mirror
 T - a box of beasts


   Skills:
 + Level 3.2 Fighting
 - Level 4.5 Armour
 - Level 3.0 Dodging
 - Level 3.0 Stealth
 - Level 4.0 Shields
 * Level 16.2 Spellcasting
 + Level 9.6 Conjurations
 + Level 9.2 Summonings
 + Level 9.5 Necromancy
 - Level 1.1 Translocations
 + Level 8.5 Fire Magic
 + Level 1.2 Ice Magic
 - Level 1.0 Air Magic
 - Level 2.0 Earth Magic
 - Level 1.0 Poison Magic
 - Level 1.0 Evocations


You had 19 spell levels left.
You knew the following spells:

 Your Spells              Type           Power      Damage    Failure   Level
a - Magic Dart            Conj           100%       1d8       1%          1
b - Mephitic Cloud        Conj/Pois/Air  39%        N/A       1%          3
c - Call Imp              Summ           61%        N/A       1%          2
d - Blink                 Tloc           50%        N/A       8%          2
e - Foxfire               Conj/Fire      100%       2x1d9     1%          1
f - Flame Wave            Conj/Fire      60%        2d14      1%          4
g - Orb of Destruction    Conj           31%        9d10      32%         7
h - Freezing Cloud        Conj/Ice/Air   20%        6-21      12%         5

Your spell library contained the following spells:

 Spells                   Type           Power      Damage    Failure   Level
 Necrotise                Necr           100%       1d9       1%          1
 Summon Small Mammal      Summ           100%       N/A       1%          1
 Searing Ray              Conj           100%       2d8       1%          2
 Call Canine Familiar     Summ           61%        N/A       1%          3
 Dazzling Flash           Conj/Hex       88%        N/A       1%          3
 Ignite Poison            Fire/Tmut/Pois 36%        N/A       1%          3
 Kindle Blastsparks       Fire/Tloc/Air  76%        2d16      1%          3
 Cigotuvi's Dreadful Rot  Necr/Pois/Air  78%        N/A       2%          2
 Poisonous Vapours        Pois/Air       50%        N/A       2%          2
 Summon Guardian Golem    Hex/Summ       43%        N/A       3%          3
 Fulminant Prism          Conj/Hex       22%        3d12      3%          4
 Agony                    Necr           61%        N/A       4%          5
 Apportation              Tloc           50%        N/A       5%          1
 Sting                    Tmut/Pois      88%        1d7       7%          1
 Arcjolt                  Conj/Air       23%        1d33      7%          5
 Lightning Bolt           Conj/Air       23%        1d38      7%          5
 Slow                     Hex            80%        N/A       9%          1
 Summon Lightning Spire   Summ/Air       46%        N/A       10%         4
 Airstrike                Air            12%        2d(2-18)  13%         4
 Olgreb's Toxic Radiance  Pois           25%        N/A       13%         4
 Vhi's Electric Charge    Tloc/Air       50%        N/A       16%         3
 Silence                  Hex/Air        11%        N/A       88%         5
 Maxwell's Capacitive Co  Air            12%        ∞         100%        8


Dungeon Overview and Level Annotations

Branches:
Dungeon (13/15)            Temple (1/1) D:7            Lair (3/5) D:8
 Shoals (0/4) Lair:2          Orc (0/2) D:10
  Snake: Lair:2-3    Spider: Lair:2-3    Vaults: D:13-14

Altars:
Cheibriados
Fedhas
Gozag
Kikubaaqudgha
Makhleb
Okawaru
Sif Muna
Trog
Uskayaw
Vehumet
Wu Jian
Xom
Yredelemnul
Zin
The Shining One

Shops:
D:1 !   D:4 [   D:6 (=[[


Message History

The death yak is engulfed in noxious fumes.
The death yak is engulfed in noxious fumes.
Casting: Mephitic Cloud (safe; 1% risk of failure)
Confirm with . or Enter, or press ? or * to list all spells.
Aiming: Mephitic Cloud (safe; 1% risk of failure)
Press: ? - help, Shift-Dir - straight line, f - death yak
Aim: a death yak (chance to affect: 34%)
The ball explodes into a vile cloud!
The stinking cloud engulfs the death yak but does no damage.
The stinking cloud engulfs you but does no damage.
You hear a bellow!
The death yak is engulfed in noxious fumes.
The death yak gores you!!
* * * LOW HITPOINT WARNING * * *
The death yak attacks as you move away! The death yak misses you.
The death yak is engulfed in noxious fumes.
As you read the scroll of teleportation, it crumbles to dust.
You feel strangely unstable.
The death yak is engulfed in noxious fumes.
The death yak gores you!
* * * LOW HITPOINT WARNING * * *
The death yak is engulfed in noxious fumes.
The death yak gores you but does no damage.
Your surroundings suddenly seem different. 2 water moccasins and 5 elephants come into view.
Found a bubbling ruby potion.
Found a stone staircase leading up.
The elephant trumpets! x2; The water moccasin hisses angrily. x2
An elephant comes into view.
The elephant trumpets! x2
The water moccasin attacks as you move away!
The water moccasin closely misses you.
The elephant trumpets!
The water moccasin completely misses you.
The water moccasin attacks as you move away!
The water moccasin closely misses you.
The water moccasin bites you but does no damage.
There is a stone staircase leading up here.
The water moccasin bites you but does no damage.
The elephant tramples you.
You die...

##^..
###...#
#.....##
......#
.....#
#....#
##.!.P#
#..@..###
#.YS....#
##.S...###
#......#
#Y......#
#...Y...###
....Y.....#
.....Y....#
..........#


You could see 5 elephants and 2 water moccasins.

Vanquished Creatures
  Nessos (Lair:5)
  A centaur warrior (D:11)
  A boulder beetle (D:12)
  A two-headed ogre (D:12)
  Amaemon (Lair:2)
  Pikel (D:7)
  A deep elf pyromancer (D:12)
  A cyclops (D:12)
  3 ugly things (D:12)
  2 oklob plants (Lair:2)
  2 elephants (Lair:2)
  2 cane toads
  4 black mambas
  A gargoyle (D:12)
  A torpor snail (Lair:3)
  An orange demon (Lair:2)
  2 unseen horrors (D:10)
  4 komodo dragons
  A rime drake (Lair:1)
  A queen bee (Lair:2)
  A troll (D:9)
  4 blink frogs (Lair:2)
  A snapping turtle (Lair:2)
  2 wraiths
  2 vampires (D:11)
  5 wyverns
  27 yaks
  A shadow (D:11)
  A steam dragon (D:9)
  4 basilisks (Lair:2)
  4 vampire mosquitoes (D:12)
  9 water moccasins
  An ice beast (D:7)
  6 orc warriors
  4 black bears
  3 sky beasts (D:6)
  8 wolves (Lair:2)
  5 centaurs
  2 ogres
  A kobold brigand (D:8)
  12 bullfrogs
  2 gnoll sergeants
  3 scorpions
  13 wights
  44 killer bees
  5 howler monkeys
  3 electric eels
  4 hounds
  2 orc priests
  4 jellies
  Ijyb (D:5)
  12 orc wizards
  6 iguanas
  Robin (D:2)
  14 gnolls
  3 adders
  A river rat (Lair:2)
  3 white imps
  5 worms
  5 dart slugs
  29 orcs
  2 bats
  6 endoplasms
  6 hobgoblins
  7 jackals
  4 quokkas
  4 ball pythons
  A frilled lizard (D:2)
  9 goblins
  7 kobolds
  20 rats
  A bush (Lair:3)
  A foxfire (Lair:2)
363 creatures vanquished.

Vanquished Creatures (collateral kills)
  A queen bee (D:10)
  A killer bee (D:10)
  Crazy Yiuf (D:7)
  An orc (D:3)
  2 hobgoblins (D:3)
  20 foxfires
26 creatures vanquished.

Vanquished Creatures (others)
  A killer bee (D:10)
  1146 foxfires
  18 fungi
  27 plants
1192 creatures vanquished.

Grand Total: 1581 creatures vanquished

Notes
Turn   | Place    | Note
-------+----------+-------------------------------------------
     0 | D:1      | pokeman the Deep Elf Hedge Wizard began the quest for the
                  | Orb.
     0 | D:1      | Reached XP level 1. HP: 10/10 MP: 7/7
   444 | D:1      | Reached XP level 2. HP: 15/15 MP: 4/9
   661 | D:1      | Found Cemohok's Distillery.
   988 | D:2      | Found a burning altar of Makhleb.
  1035 | D:2      | Noticed Robin
  1076 | D:2      | Killed Robin
  1087 | D:2      | Reached skill level 5 in Spellcasting
  1411 | D:2      | Reached XP level 3. HP: 20/20 MP: 8/11
  1415 | D:2      | Learned a level 3 spell: Mephitic Cloud
  1418 | D:2      | Learned a level 2 spell: Call Imp
  1421 | D:2      | Learned a level 2 spell: Blink
  1457 | D:2      | Reached skill level 1 in Fighting
  1457 | D:2      | Reached skill level 1 in Armour
  1753 | D:2      | Noticed a scorpion
  1771 | D:2      | Killed a scorpion
  1772 | D:2      | Reached XP level 4. HP: 15/25 MP: 1/13
  2190 | D:2      | Reached skill level 6 in Spellcasting
  2190 | D:2      | Reached XP level 5. HP: 29/29 MP: 7/15
  2705 | D:3      | Reached skill level 1 in Poison Magic
  2717 | D:3      | Reached skill level 1 in Air Magic
  2893 | D:3      | Found a hide-covered altar of Uskayaw.
  3144 | D:4      | Found Kuniases's Antique Armour Emporium.
  3204 | D:4      | Reached XP level 6. HP: 34/34 MP: 12/17
  3342 | D:4      | Reached skill level 7 in Spellcasting
  3342 | D:4      | Reached skill level 1 in Evocations
  3577 | D:4      | Found a radiant altar of Vehumet.
  3585 | D:4      | Became a worshipper of Vehumet
  3807 | D:5      | Entered Level 5 of the Dungeon
  3830 | D:5      | Reached skill level 1 in Shields
  3833 | D:5      | Reached XP level 7. HP: 21/38 MP: 7/20
  4256 | D:5      | Noticed Ijyb
  4279 | D:5      | Killed Ijyb
  4286 | D:5      | Reached skill level 8 in Spellcasting
  5149 | D:5      | Found a glowing golden altar of the Shining One.
  5149 | D:5      | Found a bloodstained altar of Trog.
  5196 | D:6      | Found Caremnuq's Antique Armour Boutique.
  5260 | D:6      | Reached * piety under Vehumet
  5260 | D:6      | Offered knowledge of Foxfire by Vehumet.
  5270 | D:6      | Reached skill level 1 in Necromancy
  5276 | D:6      | Learned a level 1 spell: Foxfire
  5354 | D:6      | Found Caofur's Antique Armour Emporium.
  5448 | D:6      | Reached XP level 8. HP: 38/43 MP: 16/22
  5482 | D:6      | Reached skill level 9 in Spellcasting
  5482 | D:6      | Reached skill level 1 in Fire Magic
  5544 | D:6      | Found Luunt's Jewellery Emporium.
  5629 | D:1      | Bought a potion of curing for 30 gold pieces
  5629 | D:1      | Bought a potion of heal wounds for 50 gold pieces
  5629 | D:1      | Bought a potion of curing for 30 gold pieces
  5629 | D:1      | Bought a potion of curing for 30 gold pieces
  5692 | D:6      | Found Fakhleiji's Antique Weapon Emporium.
  6033 | D:6      | Reached skill level 5 in Conjurations
  6183 | D:6      | Offered knowledge of Shock by Vehumet.
  6185 | D:6      | Reached ** piety under Vehumet
  6417 | D:6      | Reached skill level 10 in Spellcasting
  6444 | D:7      | Reached XP level 9. HP: 16/48 MP: 15/25
  6884 | D:7      | Noticed Pikel
  6896 | D:7      | Killed Pikel
  6897 | D:7      | Reached skill level 5 in Summonings
  7282 | D:7      | Reached skill level 11 in Spellcasting
  7978 | D:7      | Found a staircase to the Ecumenical Temple.
  8018 | D:7      | Found a runed translucent door.
  8019 | D:7      | Noticed Crazy Yiuf
  8295 | D:7      | Killed Crazy Yiuf
  8343 | D:8      | Reached skill level 5 in Necromancy
  8482 | D:8      | Reached XP level 10. HP: 56/56 MP: 19/27
  8765 | D:8      | Offered knowledge of Momentum Strike by Vehumet.
  9038 | D:8      | Identified the +7 quarterstaff "Jesmomm" {holy, Fragile
                  | rPois rC+ Int+2}
  9152 | D:8      | Found a staircase to the Lair.
  9540 | D:9      | Reached skill level 12 in Spellcasting
  9616 | D:9      | Reached skill level 5 in Fire Magic
  9856 | D:9      | Reached *** piety under Vehumet
 10504 | D:10     | Entered Level 10 of the Dungeon
 10704 | D:10     | Found a staircase to the Orcish Mines.
 11052 | D:10     | Reached skill level 13 in Spellcasting
 11054 | D:10     | Offered knowledge of Sticky Flame by Vehumet.
 11293 | D:10     | Reached XP level 11. HP: 60/60 MP: 22/30
 11892 | D:11     | Reached **** piety under Vehumet
 11999 | D:11     | Noticed a centaur warrior
 12011 | D:11     | Killed a centaur warrior
 12389 | D:12     | Noticed a white ugly thing
 12390 | D:12     | Noticed a deep elf pyromancer
 12459 | D:12     | Offered knowledge of Flame Wave by Vehumet.
 12467 | D:11     | Learned a level 4 spell: Flame Wave
 12551 | D:12     | Identified the +3 flail of Accord {freeze, rPois Dex+3}
 12940 | D:12     | Killed a deep elf pyromancer
 13136 | D:12     | Noticed a boulder beetle
 13155 | D:12     | Noticed a cyan ugly thing
 13163 | D:12     | Killed a boulder beetle
 13311 | D:12     | Noticed a two-headed ogre
 13322 | D:12     | Killed a two-headed ogre
 13323 | D:12     | Reached skill level 14 in Spellcasting
 13391 | D:12     | Killed a cyan ugly thing
 13748 | D:12     | Noticed a purple ugly thing
 13748 | D:12     | Killed a white ugly thing
 13981 | D:12     | Killed a purple ugly thing
 14155 | D:13     | Noticed a deep elf pyromancer
 14161 | D:13     | Noticed a tengu warrior
 14259 | Lair:1   | Entered Level 1 of the Lair of Beasts
 14455 | Lair:1   | Reached XP level 12. HP: 39/64 MP: 21/32
 14865 | Temple   | Entered the Ecumenical Temple
 15261 | Lair:2   | Reached skill level 1 in Earth Magic
 15503 | Lair:2   | Reached skill level 15 in Spellcasting
 15507 | Lair:2   | Reached ***** piety under Vehumet
 15508 | Lair:2   | Offered knowledge of Orb of Destruction by Vehumet.
 15923 | Lair:2   | Identified the +3 ring mail of Oreal {Drain rC++ rN+}
 15979 | Lair:2   | Noticed Amaemon
 15994 | Lair:2   | Killed Amaemon
 17113 | Lair:2   | Found a staircase to the Shoals.
 17215 | Lair:3   | Reached skill level 16 in Spellcasting
 17262 | Lair:3   | Learned a level 7 spell: Orb of Destruction
 17268 | Lair:3   | Learned a level 5 spell: Freezing Cloud
 17360 | Lair:3   | Reached XP level 13. HP: 42/68 MP: 27/35
 17447 | Lair:3   | You fall into a shaft and drop 2 floors!
 17447 | Lair:5   | Entered Level 5 of the Lair of Beasts
 17454 | Lair:5   | Noticed Nessos
 17467 | Lair:5   | Reached skill level 1 in Ice Magic
 17469 | Lair:5   | Killed Nessos
 17511 | Lair:5   | Slain by an elephant

Illustrated notes

Levels and vault maps discovered:
D:1:      wander_arrival_peaceful_grave, layout_basic, serial_shops, shop,
          st_stairs_8
D:2:      layout_basic, basic_altar, minmay_rat_hole, uniq_robin
D:3:      minmay_door_path, layout_loops_ring, mainiacjoe_overflow_boulevard
D:4:      layout_cave_pools, nicolae_vehumet_altar_sigil, serial_shops,
          nicolae_stop_n_shop_2
D:5:      layout_layer_cave, nicolae_overflow_two_pavilions, uniq_ijyb
D:6:      layout_gridville, serial_shops, nicolae_shop_waterfront, shop,
          nicolae_shop_waterfront, shop, grunt_ministairs_14,
          kennysheep_generic_room_14
D:7:      minmay_polygon_palace, layout_basic, minmay_temple_entry_nine_rooms,
          uniq_crazy_yiuf_cottage, uniq_pikel
D:8:      layout_loops_cross, grunt_lair_entry_orc_guard_hut
D:9:      layout_irregular_city
D:10:     layout_big_octagon, orc_0_dummy, hive_lemuel
D:11:     layout_roguey
D:12:     layout_gridville
D:13:     layout_rooms
Temple:   dpeg_three_leaves_temple
Lair:1:   layout_loops_ring
Lair:2:   regret_index_harrowing_hell_hive, layout_regular_city,
          minmay_shoals_entry_hut, serial_bayou_shore_b, grunt_megastairs_2,
          uniq_amaemon
Lair:3:   layout_chaotic_city, guppyfry_snake_entry_garden
Lair:5:   hellmonk_lair_end_abyssal_woods, layout_cellular_growth,
          slime_entry_1, uniq_nessos

Skill      XL: |  1  2  3  4  5  6  7  8  9 10 11 12 13 |
---------------+----------------------------------------+-----
Spellcasting   | 5 6 7 8 10 11 13 14 16 | 16.2
Fighting       | 1 3 |  3.2
Armour         | 1 2 3 4 |  4.5
Conjurations   | 2 3 4 5 6 7 8 9 |  9.6
Stealth        | 3 |  3.0
Dodging        | 3 |  3.0
Poison Magic   | 1 |  1.0
Air Magic      | 1 |  1.0
Evocations     | 1 |  1.0
Summonings     | 2 3 4 5 6 8 9 |  9.2
Shields        | 1 2 4 |  4.0
Necromancy     | 1 3 5 6 8 9 |  9.5
Fire Magic     | 2 4 5 7 8 |  8.5
Earth Magic    | 2 |  2.0
Ice Magic      | 1 |  1.2
Translocations | |  1.1

Action                     |  1- 3 |  4- 6 |  7- 9 | 10-12 | 13-15 || total
---------------------------+-------+-------+-------+-------+-------++-------
  Melee: Dagger            |    15 |       |    94 |    99 |       ||   208
         Punch             |       |       |     3 |     4 |       ||     7
         Rapier            |       |       |       |     9 |       ||     9
         Demon whip        |       |       |       |     4 |       ||     4
   Fire: Sling             |    11 |   151 |    26 |       |       ||   188
   Cast: Magic Dart        |    66 |    38 |    59 |     2 |       ||   165
         Mephitic Cloud    |     3 |    11 |    23 |    66 |     4 ||   107
         Call Imp          |       |     1 |     3 |     2 |       ||     6
         Blink             |       |     2 |     8 |     5 |       ||    15
         Foxfire           |       |       |   148 |   495 |       ||   643
         Flame Wave        |       |       |       |    52 |     4 ||    56
  Evoke: Wand              |       |       |     1 |     4 |       ||     5
    Use: Scroll            |       |       |       |       |     4 ||     4
   Stab: Confused          |     1 |       |     9 |    13 |       ||    23
 Armour: Robe              |    15 |     9 |    17 |     8 |       ||    49
         Ring mail         |       |       |       |    63 |    13 ||    76
  Dodge: Dodged            |    86 |   102 |   129 |   255 |    23 ||   595

Table legend: (Time is in decaauts)
 A = Elapsed time spent in this place.
 B = Non-inter-level travel time spent in this place.
 C = Inter-level travel time spent in this place.
 D = Time resting spent in this place.
 E = Time spent auto-exploring this place.
 F = Levels seen in this place.
 G = Mean time per level.
                   A        B        C        D        E       F      G
               +--------+--------+--------+--------+--------+-----+--------+
         Total |  17642 |  16734 |    908 |    951 |  12558 |  18 |  980.1 |
       Dungeon |  14450 |  13659 |    791 |    782 |  10222 |  13 | 1111.5 |
        Temple |     15 |     13 |      2 |      0 |      0 |   1 |   15.0 |
          Lair |   3176 |   3062 |    114 |    169 |   2336 |   4 |  794.0 |
               +--------+--------+--------+--------+--------+-----+--------+

Top non-repeatable levels by time:
     D:7: 1933 daAuts
  Lair:2: 1818 daAuts
     D:5: 1442 daAuts
     D:2: 1341 daAuts
    D:11: 1301 daAuts
     D:8: 1235 daAuts
    D:12: 1231 daAuts
     D:9: 1134 daAuts
     D:6: 1100 daAuts
     D:1: 1062 daAuts
  Lair:1: 1046 daAuts
    D:10: 1014 daAuts
     D:3: 842 daAuts
     D:4: 721 daAuts
  Lair:3: 247 daAuts
